Map: Pylon LE

Players

MaxPax - Winner!

  • Race: Protoss Protoss
  • League: Master
  • Spawn Location: 11:00

LiquidClem (Clem)

  • Race: Terran Terran
  • League: Grandmaster
  • Spawn Location: 5:00

VOD

Have the link to the VOD?

Description

Time

  • Played on: June 17, 2025, 10:54 p.m.
  • Length: 11:14
Show
View Real Time Build Order
Export as new Build Order

MaxPax Protoss - Winner!

Build Orders: 1 Gate Expand, Blink Stalkers 

Get SALT Encoding   

  12  0:00  Probe  
  13  0:12  Probe  
  14  0:17  Pylon  
  14  0:23  Probe  
  15  0:31  Probe  
  16  0:36  Gateway  
  16  0:39  Probe  
  16  0:45  Assimilator  
  17  0:51  Probe  
  18  1:03  Probe  
  19  1:15  Probe  
  20  1:22  Cybernetics Core  
  22  1:30  Nexus  
  20  1:33  Probe  
  20  1:39  Pylon  
  21  1:45  Probe  
  21  1:47  Assimilator  
  22  1:48  Adept  
  22  1:57  Probe  
  22  1:59  Warp Gate  
  25  2:08  Adept  
  25  2:09  Probe  
  26  2:21  Probe  
  29  2:30  Twilight Council  
  29  2:33  Probe  
  30  2:38  Stalker  
  30  2:40  Blink  
  30  2:42  Probe  
  33  2:48  Probe  
  33  2:49  Gateway  
  34  2:54  Probe  
  35  3:00  Probe  
  36  3:06  Probe  
  36  3:12  Probe  
  38  3:18  Probe  
  39  3:20  Robotics Facility  
  39  3:24  Probe  
  40  3:27  Gateway  
  38  3:35  Probe  
  37  3:41  Probe  
  37  3:47  Probe, Stalker  
  36  3:54  Probe  
  35  3:56  Stalker  
  35  3:57  Warp Prism  
  35  4:00  Probe, Pylon  
  38  4:06  Probe  
  41  4:12  Probe, Stalker  
  44  4:18  Probe  
  44  4:23  Pylon  
  46  4:24  Probe  
  46  4:26  Stalker  
  46  4:30  Probe  
  49  4:32  Stalker  
  52  4:42  Stalker  
  52  5:06  Stalker x3  
  58  5:07  Probe  
  59  5:17  Probe  
  60  5:24  Probe  
  60  5:25  Pylon  
  61  5:29  Probe  
  62  5:43  Probe x2, Observer  
  62  5:54  Stalker  
  62  5:55  Probe x2  
  66  5:57  Stalker x2  
  66  6:00  Nexus  
  68  6:07  Probe x2  
  55  6:19  Probe x2  
  55  6:21  Stalker x3  
  58  6:28  Probe x2  
  58  6:29  Observer  
  61  6:35  Assimilator  
  61  6:36  Probe x2, Pylon  
  61  6:44  Charge  
  61  6:46  Probe x2  
  63  6:50  Forge  
  63  6:53  Observer  
  66  6:54  Shield Battery  
  66  6:58  Probe x2  
  68  7:08  Observer  
  68  7:10  Gateway, Probe x2  
  68  7:11  Gateway  
  68  7:13  Gateway  
  68  7:14  Warp Prism  
  68  7:15  Probe  
  71  7:19  Shield Battery  
  71  7:22  Probe x2  
  73  7:27  Probe  
  76  7:34  Probe x2  
  76  7:35  Protoss Ground Weapons Level 1  
  78  7:37  Stalker x2  
  78  7:39  Probe  
  78  7:41  Observer  
  78  7:42  Stalker  
  85  7:46  Probe x2  
  87  7:53  Gateway  
  87  7:55  Gateway  
  87  7:58  Templar Archives  
  87  8:00  Stalker  
  87  8:02  Probe  
  87  8:03  Probe  
  91  8:10  Probe  
  92  8:14  Pylon  
  92  8:15  Psionic Storm  
  92  8:25  Pylon  
  92  8:27  Assimilator  
  92  8:29  Pylon  
  92  8:32  Probe  
  92  8:34  Zealot x4, Observer  
  99  8:39  Observer  
  101  8:43  Shield Battery  
  101  8:46  Pylon  
  101  8:47  High Templar, Zealot x2  
  101  8:48  Pylon  
  107  8:57  Gateway  
  107  8:59  Gateway  
  106  9:04  High Templar, Zealot x2  
  106  9:05  Zealot x2  
  116  9:21  Nexus  
  116  9:23  High Templar, Probe, Zealot x2  
  123  9:31  Zealot x4  
  129  9:43  Zealot x2  
  133  9:49  Pylon  
  133  9:57  Probe  
  118  10:01  Zealot x8  
  128  10:10  Warp Prism  
  106  10:22  High Templar x2  
  106  10:23  High Templar, Zealot x7  
  114  10:28  Probe  
  114  10:29  Probe  
  114  10:33  Probe  
  115  10:36  Probe  
  115  10:40  Probe  
  115  10:44  Sentry, Zealot x5  
  115  10:48  Zealot  
  128  11:00  Zealot  
Show
View Real Time Build Order
Export as new Build Order

LiquidClem Terran 

Build Orders:  

Get SALT Encoding   

  12  0:00  SCV  
  13  0:12  SCV  
  14  0:16  Supply Depot  
  14  0:24  SCV  
  15  0:38  SCV  
  15  0:39  Barracks  
  15  0:42  Refinery  
  16  0:50  SCV  
  16  0:52  Refinery  
  17  1:02  SCV  
  18  1:14  SCV  
  19  1:26  Reaper, Orbital Command  
  19  1:29  Supply Depot  
  20  1:40  Factory  
  20  1:52  SCV  
  21  1:58  Barracks Reactor  
  21  2:04  SCV  
  22  2:14  Command Center  
  22  2:17  SCV  
  23  2:25  Hellion  
  23  2:27  Supply Depot  
  25  2:30  SCV  
  25  2:34  Reaper  
  25  2:35  Reaper  
  28  2:40  Supply Depot  
  28  2:43  SCV  
  29  2:48  Hellion  
  31  2:56  Starport  
  31  3:00  SCV  
  32  3:07  Marine x2  
  32  3:11  Widow Mine  
  36  3:13  SCV  
  37  3:25  Marine x2  
  39  3:28  SCV  
  39  3:38  Medivac  
  39  3:39  Widow Mine  
  39  3:40  SCV  
  43  3:44  Marine x2  
  44  3:49  Orbital Command  
  44  3:54  SCV  
  41  3:58  Bunker  
  41  4:02  Factory Tech Lab, Marine  
  42  4:03  Barracks  
  42  4:07  Refinery  
  42  4:08  SCV  
  43  4:10  Starport Tech Lab  
  43  4:15  SCV  
  44  4:21  Siege Tank, Marine  
  48  4:24  Marine  
  48  4:25  SCV  
  48  4:27  SCV  
  51  4:31  Banshee  
  51  4:35  Cloaking Field  
  54  4:40  Supply Depot  
  54  4:45  Bunker, Marine x2  
  56  4:51  Marine  
  57  4:59  SCV x2  
  58  5:00  Siege Tank  
  58  5:02  Marine x2  
  59  5:08  Supply Depot  
  59  5:09  Marine  
  59  5:11  SCV x2  
  61  5:17  Banshee  
  61  5:20  Marine  
  63  5:22  Marine  
  63  5:23  SCV x2  
  63  5:25  Supply Depot  
  63  5:27  Marine  
  67  5:34  Siege Tank  
  67  5:35  SCV x2  
  68  5:38  Marine  
  68  5:39  Marine  
  70  5:45  Marine  
  70  5:47  SCV x2  
  71  5:50  Supply Depot  
  71  5:54  Barracks  
  71  5:57  Marine  
  71  5:58  Bunker  
  71  5:59  SCV x2, Marine  
  71  6:03  Marine  
  73  6:09  Siege Tank  
  74  6:11  SCV x2  
  74  6:17  Banshee  
  75  6:23  SCV x2, Marine x2  
  75  6:24  Marine  
  79  6:31  Refinery  
  76  6:34  Supply Depot  
  76  6:35  SCV x2  
  76  6:38  Engineering Bay  
  77  6:42  Marine x2  
  77  6:44  Bunker  
  78  6:47  SCV  
  78  6:50  SCV  
  78  6:52  Refinery, Marine x2  
  82  6:59  Siege Tank  
  82  7:01  Raven  
  87  7:02  Supply Depot  
  87  7:04  SCV  
  87  7:05  SCV  
  87  7:07  Missile Turret, Marine  
  90  7:14  Supply Depot  
  90  7:15  Marine  
  89  7:16  SCV  
  89  7:17  SCV  
  89  7:18  Marine x2  
  94  7:26  Terran Infantry Weapons Level 1  
  94  7:30  Marine  
  94  7:33  Marine  
  99  7:40  Starport Reactor  
  99  7:44  Factory Reactor, Command Center  
  96  7:46  Stimpack, Combat Shield  
  96  7:47  Marauder  
  96  7:49  Marauder  
  100  7:51  Supply Depot  
  100  7:52  Marine x2  
  100  7:57  Supply Depot  
  102  8:08  Marauder, Supply Depot  
  102  8:10  Marine x2  
  102  8:11  Barracks  
  102  8:12  Barracks  
  103  8:13  Marauder  
  103  8:18  Medivac x2  
  109  8:21  Widow Mine  
  109  8:23  Widow Mine  
  113  8:27  Marine  
  113  8:28  Marine  
  113  8:30  Marauder  
  113  8:32  Supply Depot  
  117  8:36  Marauder  
  117  8:38  SCV x2  
  121  8:43  Widow Mine  
  121  8:45  Widow Mine, Marine x2  
  121  8:48  Medivac  
  129  8:50  Medivac  
  129  8:51  SCV  
  129  8:52  SCV  
  129  8:53  Marauder  
  133  8:59  Marauder  
  133  9:02  Barracks Tech Lab, Barracks Reactor  
  135  9:03  SCV  
  135  9:04  SCV  
  135  9:05  Marine  
  136  9:11  Widow Mine x2  
  136  9:15  Marauder  
  136  9:16  SCV  
  141  9:21  Viking  
  141  9:23  Marauder  
  145  9:25  Marine x2  
  145  9:27  Marauder  
  145  9:28  SCV  
  149  9:36  Marauder, SCV  
  152  9:42  SCV, Marine  
  152  9:44  Marine  
  152  9:45  Marauder  
  157  9:46  Marine  
  157  9:49  Marauder  
  157  9:52  Marine  
  160  9:58  Widow Mine, Marine  
  133  10:01  Marine  
  133  10:06  Marauder, Orbital Command  
  105  10:13  Medivac  
  105  10:14  SCV, Marine  
  94  10:18  SCV, Marine  
  94  10:20  Marine  
  83  10:22  Marine  
  83  10:28  Medivac, SCV  
  80  10:32  Marine  
  80  10:34  Marauder  
  84  10:38  SCV  
  84  10:39  SCV  
  84  10:41  SCV  
  87  10:46  Marauder  
  87  10:47  Marauder  
  91  10:52  Marine x2  
  91  10:53  Marine x2  
Tags
 
Add a new tag
Caveats
  • Supply blocks, unpowered buildings, or Contaminate may cause inaccurate times.
  • Supply counts are checked every 10 seconds.